Unix NetHack Version 5.0.0-0 post-release - last build May 10 2026 23:12:36 (d1fa5d53e341ca933230fdaa984d921c805b60aa,branch:main).

Game began 2026-05-13 03:16:48, ended 2026-05-13 03:24:57.

Ackbladder, neutral male human Priest

                                                                     -------
                                ---------        ####################..{...|
                                ...`..{.|   ##                       |.....|
                                |.......|    #                     ##......|
                                |........######                    # -------
                                |...<...|    ####                  #
                                |.......|     #############       ##
                                -|-------       #  ##-----#   #####
                                                    #|...|#   #
                                                    #|@..|###########
                                                    #d...|    #-----.----
                                                    #|s..+#####.........|
                                                    #|...| ##  |........|
                                                    #|...| #   |........|
                                                    #----- #   ----------
                                                    ########

Ackbladder the Acolyte       St:10 Dx:14 Co:14 In:11 Wi:18 Ch:9  Neutral
Dlvl:5  $:82 HP:0(21) Pw:28(28) AC:7  Xp:3 T:1472 

Latest messages:
 You see here 7 gold pieces.
 $ - 7 gold pieces (69 in total).
 You descend the stairs.
 You see here 13 gold pieces.
 $ - 13 gold pieces (82 in total).
 You hear the footsteps of a guard on patrol.
 You swap places with Rufferto.
 You hit the cave spider!
 Rufferto misses the cave spider.
 The cave spider bites!
 You miss the cave spider.
 Rufferto bites the cave spider.
 The cave spider is killed!
 Rufferto eats a cave spider corpse.
 Rufferto looks healthy.
 You swap places with Rufferto.
 You miss the kobold.
 The kobold hits!
 You kill the kobold!
 You kill the large kobold!
 You hear a slow drip.
 m - a food ration (3 in total).
 Rufferto eats a kobold corpse.
 This door is locked.
 This door is locked.
 This door is locked.
 This door is locked.
 This door is locked.
 This door is locked.
 In what direction? 8
 As you kick the door, it crashes open!
 You find a hidden passage.
 You hear a gurgling noise.
 You hear the footsteps of a guard on patrol.
 You hear the splashing of a naiad.
 You hear a slow drip.
 You hear water falling on coins.
 You swap places with Rufferto.
 You hear a gurgling noise.
 You feel strong!
 You must have been exercising diligently.
 You hear the footsteps of a guard on patrol.
 You miss the little dog.
 The little dog bites!
 The little dog bites!
 The little dog bites!
 The little dog bites!
 You die...
 Do you want your possessions identified? [ynq] (y) y
 Do you want to see your attributes? [ynq] (y) q

Inventory:
 Coins    ('$')
  $ - 82 gold pieces
 Weapons  (')')
  a - a blessed +1 mace (weapon in right hand)
 Armor    ('[')
  B - a +0 cornuthaum
  u - a +1 pair of high boots
  c - a blessed +0 small shield (being worn)
  b - a +0 robe (being worn)
 Comestibles  ('%')
  o - a slime mold
  e - a clove of garlic
  m - 3 food rations
  f - 2 sprigs of wolfsbane
  y - a lichen corpse
 Scrolls  ('?')
  C - a blessed scroll of enchant weapon
  p - a scroll of fire
  w - a scroll of identify
  n - a scroll of light
 Spellbooks  ('+')
  g - a spellbook of detect monsters
  v - a blessed spellbook of dig
  h - a spellbook of remove curse
 Potions  ('!')
  s - 2 potions of extra healing
  i - a potion of full healing
  d - 3 potions of holy water
 Rings    ('=')
  q - a ring of sustain ability
 Wands    ('/')
  z - a wand of secret door detection (0:14)
 Tools    ('(')
  x - an empty bag of holding
 Gems/Stones  ('*')
  A - a worthless piece of blue glass
  k - a worthless piece of green glass
  r - a worthless piece of white glass

Ackbladder the Priest's attributes:

Background:
 You were an Acolyte, a level 3 human Priest.
 You were neutral, on a mission for Chih Sung-tzu
 who was opposed by Shan Lai Ching (lawful) and Huan Ti (chaotic).
 You were right-handed.
 You were in the Dungeons of Doom, on level 5.
 You entered the dungeon 1472 turns ago.
 It was nighttime.
 You had 78 experience points, 2 more were needed to attain level 4.

Basics:
 You had 0 out of 21 hit points.
 You had all 28 energy points (spell power).
 Your armor class was 7.
 Your wallet contained 82 zorkmids.
 Autopickup was off.

Final Characteristics:
 Your strength was 10 (limit:18/100).
 Your dexterity was 14 (limit:18).
 Your constitution was 14 (limit:18).
 Your intelligence was 11 (limit:18).
 Your wisdom was 18 (limit:18).
 Your charisma was 9 (limit:18).

Final Status:
 You weren't hungry.
 You were unencumbered.
 You were wielding a mace.
 You had basic skill with mace.

Final Attributes:
 You were devoutly aligned.
 You were guarded.
 Your spell casting was enhanced by wearing a robe.
 You are dead.

Miscellaneous:
 You didn't encounter any bones levels.
 Total elapsed playing time was 8 minutes and 8 seconds.

Major events:
 Turn
    1: Ackbladder the neutral human Priest entered the dungeon
  415: entered the Gnomish Mines
  726: attained the rank of Acolyte (level 3)
 1028: found Fire Brand in a shop
 1472: killed by a little dog

Spells:
 Name                 Level Category     Fail Retention
 detect monsters        1   divination     0%  76%-100%
 remove curse           3   clerical       0%  91%-100%
 dig                    5   matter        95%  76%-100%

Skills:
 Fighting Skills
   bare handed combat [Unskilled]
 Weapon Skills
   club               [Unskilled]
   mace               [Basic]
   morning star       [Unskilled]
   flail              [Unskilled]
   hammer             [Unskilled]
   quarterstaff       [Unskilled]
   polearms           [Unskilled]
   spear              [Unskilled]
   trident            [Unskilled]
   lance              [Unskilled]
   bow                [Unskilled]
   sling              [Unskilled]
   crossbow           [Unskilled]
   dart               [Unskilled]
   shuriken           [Unskilled]
   boomerang          [Unskilled]
   unicorn horn       [Unskilled]
 Spellcasting Skills
   healing spells     [Unskilled]
   divination spells  [Unskilled]
   clerical spells    [Basic]

Voluntary challenges:
 Character rerolling was not enabled.
 You never genocided any monsters.
 You never polymorphed an object.
 You never changed form.
 You used no wishes.
Achievements:
 You entered a shop.
 You entered the Gnomish Mines.
 You attained the rank of Acolyte.

 The Dungeons of Doom: levels 1 to 5
    Level 1:
       A sink.
    Level 2:
       An armor shop, a sink.
       Stairs down to The Gnomish Mines.
    Level 3:
       A weapon shop, many fountains.
    Level 4:
       A potion shop, a fountain.
    Level 5: <- You were here.
       Some fountains.
       Final resting place for
          you, killed by a little dog.
 The Gnomish Mines:
    Level 3:


Vanquished creatures:
  a homunculus
  2 large kobolds
  a giant rat
  a cave spider
  a garter snake
  3 geckos
  a fox
  3 kobolds
  2 sewer rats
  7 lichens
  2 kobold zombies
  3 newts
27 creatures vanquished.

No species were genocided or became extinct.

Game over:
                       ----------
                      /          \
                     /    REST    \
                    /      IN      \
                   /     PEACE      \
                  /                  \
                  |    Ackbladder    |
                  |      82 Au       |
                  |   killed by a    |
                  |    little dog    |
                  |                  |
                  |                  |
                  |       2026       |
                 *|     *  *  *      | *
        _________)/\\_//(\/(/\)/\//\/|_)_______

Goodbye Ackbladder the Priest...

You died in The Dungeons of Doom on dungeon level 5 with 586 points,
and 82 pieces of gold, after 1472 moves.
You were level 3 with a maximum of 21 hit points when you died.

